 Dungeon Crawl Stone Soup version 0.31-a0-986-g5e6e4ef867 (webtiles) character file.

Game seed: 3855250351503335538

77989 strifetoe the Executioner (level 15, -19/139 HPs)
             Began as a Minotaur Monk on Nov 18, 2023.
             Was an Initiate of Gozag.
             Demolished by an orc knight
             ... wielding a +1 long sword
              (21 damage)
             ... on level 2 of the Orcish Mines.
             The game lasted 00:29:31 (22311 turns).

strifetoe the Executioner (Minotaur Monk)          Turns: 22311, Time: 00:29:32

Health: -19/139    AC: 25    Str: 24    XL:     15   Next: 16%
Magic:  14/14      EV: 11    Int:  7    God:    Gozag
Gold:   6165       SH:  0    Dex: 12    Spells: 14/14 levels left

rFire   . . .        e - +3 battleaxe
rCold   + . .        (shield currently unavailable)
rNeg    . . .        t - +4 plate armour {rC+}
rPois   +            (helmet restricted)
rElec   .            q - +2 cloak
rCorr   .            (no gloves)
SInv    .            J - +0 pair of boots {Stlth+}
Will    ++...        n - amulet of the acrobat Stlth
                     E - ring of poison resistance
HPRegen 0.43/turn    A - ring of willpower
MPRegen 0.14/turn

%: acrobat
@: gold aura, studying Transmutations
A: horns 2, retaliatory headbutt
a: Renounce Religion, Potion Petition, Call Merchant, Bribe Branch


You were on level 2 of the Orcish Mines.
You worshipped Gozag.
Gozag was greatly pleased with you.
You visited 4 branches of the dungeon, and saw 20 of its levels.
You also visited: Ossuary and Gauntlet.

You collected 6715 gold pieces.
You spent 550 gold pieces at shops.

Inventory:

Hand Weapons
 a - a +1 hand axe of chaos
 c - a +1 war axe of electrocution
 e - a +3 battleaxe (weapon)
Missiles
 y - 2 throwing nets
 M - 6 silver javelins
Armour
 f - a +2 plate armour of fire resistance
 g - the +5 scale mail of the Gusle {rC+ rN+ Regen+ Dex+2}
   (You found it on level 6 of the Dungeon)

   Dex+2:     It affects your dexterity (+2).
   rC+:       It protects you from cold.
   rN+:       It protects you from negative energy.
   Regen+:    It increases your rate of health regeneration.
 k - +0 ice dragon scales
 q - a +2 cloak (worn)
 r - the +4 ring mail "Relimp" {Str+4}
   (You found it on level 2 of the Dungeon)

   Str+4:     It affects your strength (+4).
 t - a +4 plate armour of cold resistance (worn)
 J - a +0 pair of boots of stealth (worn)
Jewellery
 d - a ring of flight
 n - an amulet of the acrobat (around neck)
 s - a ring of see invisible
 w - an amulet of regeneration
 x - a ring of fire
 A - a ring of willpower (right hand)
 E - a ring of poison resistance (left hand)
Wands
 u - a wand of digging (11)
 D - a wand of paralysis (3)
 O - a wand of mindburst (16)
 Q - a wand of acid (4)
Scrolls
 b - 8 scrolls of fear
 i - 5 scrolls of blinking
 m - 7 scrolls of teleportation
 F - 8 scrolls of immolation
 G - 3 scrolls of fog
 H - 2 scrolls of identify
 K - 3 scrolls of enchant weapon
 P - a scroll of poison
Potions
 j - 5 potions of lignification
 l - a potion of mutation
 p - 4 potions of might
 v - 4 potions of curing
 z - 4 potions of attraction
 B - 3 potions of heal wounds
 L - a potion of haste
 N - a potion of cancellation


   Skills:
 + Level 14.9 Fighting
 - Level 21.8 Axes
 - Level 6.3 Throwing
 + Level 13.9 Armour
 - Level 10.4 Dodging


You had 14 spell levels left.
You didn't know any spells.
Your spell library contained the following spells:

 Spells                   Type           Power      Damage    Failure   Level
 Necrotise                Necr           0%         1d4       98%         1
 Slow                     Hex            0%         N/A       98%         1
 Summon Small Mammal      Summ           0%         N/A       98%         1
 Cigotuvi's Dreadful Rot  Necr/Pois/Air  0%         N/A       99%         2
 Lesser Beckoning         Tloc           0%         N/A       99%         2
 Static Discharge         Conj/Air       0%         3-3/arc   99%         2
 Call Canine Familiar     Summ           0%         N/A       100%        3
 Confusing Touch          Hex            0%         N/A       100%        3
 Gell's Gravitas          Tloc           0%         N/A       100%        3
 Ignite Poison            Fire/Tmut/Pois 0%         N/A       100%        3
 Sigil of Binding         Hex            0%         N/A       100%        3
 Summon Guardian Golem    Hex/Summ       0%         N/A       100%        3
 Teleport Other           Tloc           0%         N/A       100%        3
 Vampiric Draining        Necr           0%         2d6       100%        3
 Airstrike                Air            0%         2d(0-16)  100%        4
 Cause Fear               Hex            0%         N/A       100%        4
 Summon Lightning Spire   Summ/Air       0%         N/A       100%        4
 Vhi's Electric Charge    Tloc/Air       0%         N/A       100%        4
 Agony                    Necr           0%         N/A       100%        5
 Arcjolt                  Conj/Air       0%         1d10      100%        5
 Fireball                 Conj/Fire      0%         3d3       100%        5
 Freezing Cloud           Conj/Ice/Air   0%         6-21      100%        5
 Plasma Beam              Fire/Air       0%         2x1d10    100%        6
 Dragon's Call            Summ           0%         N/A       100%        9


Dungeon Overview and Level Annotations

Branches:
Dungeon (12/15)            Temple (1/1) D:7            Lair (5/5) D:10
 Shoals (0/4) Lair:2       Spider (0/4) Lair:3        Slime (0/5) Lair:5
    Orc (2/2) D:10        Ossuary (visited)         Gauntlet (visited)
    Elf: Orc:2

Altars:
Ashenzari
Cheibriados
Dithmenos
Elyvilon
Fedhas
Gozag
Hepliaklqana
Kikubaaqudgha
Makhleb
Nemelex Xobeh
Okawaru
Qazlal
Ru
Sif Muna
Trog
Uskayaw
Vehumet
Wu Jian
Xom
Yredelemnul
Zin
The Shining One
Jiyva

Shops:
D:4 [   D:10 [

Annotations:
D:10 4 transporters


Innate Abilities, Weirdness & Mutations

You have a pair of horns on your head.
You reflexively headbutt those who attack you in melee.


Message History

The orc priest goes into a battle-frenzy!
The orc knight roars a battlecry!
The orc knight goes into a battle-frenzy!
You barely miss the orc knight.
The orc knight is severely wounded.
You closely miss the orc knight.
The orc knight hits you with a +3 battleaxe!!
* * * LOW HITPOINT WARNING * * *
Unknown command.
The orc priest miscasts a cantrip.
The orc knight barely misses you.
The orc knight hits you with a +1 long sword!
* * * LOW HITPOINT WARNING * * *
Unknown command.
You feel much better.
The orc knight hits you with a +3 battleaxe.
The orc knight hits you with a +1 long sword!
* * * LOW HITPOINT WARNING * * *
You feel much better. The orc priest misses you.
The orc knight closely misses you.
The orc knight hits you with a +1 long sword!
You slice the orc priest!!
You kill the orc priest!
You closely miss the orc knight. You slash the orc knight!
Unknown command.
You slice the orc knight!! You headbutt the orc knight.
The orc knight is almost dead.
You barely miss the orc knight.
The orc knight hits you with a +3 battleaxe.
* * * LOW HITPOINT WARNING * * *
The orc knight misses you.
Unknown command.
You hit the orc knight but do no damage.
The orc knight is almost dead.
You hit the orc knight but do no damage.
The orc knight hits you with a +3 battleaxe!!!
* * * LOW HITPOINT WARNING * * *
The orc knight hits you with a +1 long sword!!
You die...
Your body crumbles into a pile of gold.

#####.### ##.##....## ###
#...#.....# ##.##
##..#.....## #...##
#...#....## #....#
##.###....# ##...#
#...##...######..## # ###
##.###.oo...#)...# ####.##
##.##.[.@$.<$$...###
##....###.[).#.)$...#$.....##
.....###...[......###$$.....#
......#....[.....##
##$.....## .....##........###
##$o.....# ...#.#.......###
#$......## ........).[...#
#.........# #..#...[.######
###.....### ....#)...#
.........


You could see 2 orc knights.

Vanquished Creatures
  An orc warlord (Orc:1)
  Nessos (Lair:5)
  A minotaur (Gauntlet)
  A fire dragon (Lair:5)
  5 hydras
  8 boulder beetles
  3 two-headed ogres
  11 death yaks
  3 orc high priests (Orc:2)
  2 skysharks
  A fire crab (Lair:5)
  3 orc knights
  Pikel (D:5)
  An orc sorcerer (Orc:2)
  A cyclops (Orc:2)
  3 manticores
  Maurice (Orc:2)
  An ugly thing (D:12)
  6 elephants (Lair:4)
  12 black mambas
  2 unseen horrors (D:12)
  A torpor snail (Lair:4)
  3 molten gargoyles (Lair:5)
  14 cane toads
  Jeremiah (D:6)
  2 kobold demonologists
  4 rime drakes
  14 komodo dragons
  A polar bear (Lair:1)
  3 trolls
  A wind drake (Lair:2)
  7 hornets
  12 blink frogs
  A culicivora (Lair:3)
  6 flying skulls (Gauntlet)
  A slime creature (D:12)
  Sigmund (D:3)
  A wraith (D:10)
  A shadow (D:11)
  A vampire (D:11)
  14 wyverns
  60 yaks
  3 steam dragons
  A redback (Lair:3)
  Menkaure (D:7)
  3 vampire mosquitoes (D:10)
  8 basilisks
  2 wargs
  2 swamp worms (Gauntlet)
  2 acid dragons
  5 hell hounds (Lair:5)
  Duvessa (D:5)
  11 water moccasins
  A hornet zombie (Ossuary)
  16 orc warriors
  8 ice beasts
  2 sky beasts
  2 black bears
  8 ogres
  20 wolves
  3 phantoms
  4 lemures
  8 centaurs
  12 bullfrogs
  6 kobold brigands
  3 wyvern zombies (Ossuary)
  5 gnoll sergeants (D:8)
  2 scorpions
  A water moccasin zombie (Ossuary)
  14 wights
  Dowan (D:5)
  13 killer bees
  2 vampire bats (Lair:1)
  An electric eel (Lair:1)
  6 howler monkeys
  4 crimson imps (D:7)
  3 hounds
  10 jellies
  5 lava snakes (Lair:5)
  4 bullfrog zombies (Ossuary)
  16 orc priests
  3 gnoll boudas
  2 sleepcaps
  4 iguanas
  22 orc wizards
  3 killer bee zombies (Ossuary)
  15 mummies
  2 howler monkey zombies (Ossuary)
  15 gnolls
  8 adders
  3 white imps
  3 worms
  2 dart slugs
  56 orcs
  12 endoplasms
  5 giant cockroaches
  9 goblins
  7 hobgoblins
  11 jackals
  16 kobolds
  A quokka (D:1)
  4 ball pythons
  16 bats
  8 frilled lizards
  A hobgoblin zombie (D:8)
  An orc zombie (D:8)
  10 rats
675 creatures vanquished.

Vanquished Creatures (collateral kills)
  An orc sorcerer (Orc:2)
  2 kobold demonologists (D:7)
  An orc warrior (Orc:2)
  An orc wizard (Orc:2)
5 creatures vanquished.

Grand Total: 680 creatures vanquished

Notes
Turn   | Place    | Note
-------+----------+-------------------------------------------
     0 | D:1      | strifetoe the Minotaur Monk began the quest for the Orb.
     0 | D:1      | Reached XP level 1. HP: 19/19 MP: 0/0
    20 | D:1      | Reached skill level 4 in Axes
    72 | D:1      | Reached XP level 2. HP: 20/26 MP: 1/1
   721 | D:1      | Found a faded altar of an unknown god.
  1113 | D:2      | Reached skill level 5 in Axes
  1113 | D:2      | Reached XP level 3. HP: 17/31 MP: 2/2
  1480 | D:2      | Identified the +4 ring mail "Relimp" {Str+4}
  1685 | D:2      | Reached skill level 6 in Axes
  1685 | D:2      | Reached XP level 4. HP: 39/39 MP: 3/3
  2571 | D:3      | Noticed Sigmund
  2586 | D:3      | Killed Sigmund
  2587 | D:3      | Reached skill level 8 in Axes
  2587 | D:3      | Reached XP level 5. HP: 44/45 MP: 4/4
  2726 | D:4      | Reached XP level 6. HP: 51/51 MP: 5/5
  2881 | D:4      | Reached skill level 9 in Axes
  3203 | D:4      | Found Diys's Armour Shoppe.
  3223 | D:4      | Reached XP level 7. HP: 57/57 MP: 6/6
  3338 | D:4      | Found a white marble altar of Elyvilon.
  3503 | D:5      | Entered Level 5 of the Dungeon
  3589 | D:5      | Reached skill level 10 in Axes
  3622 | D:5      | Noticed Pikel
  3666 | D:5      | Killed Pikel
  3667 | D:5      | Reached skill level 12 in Axes
  3667 | D:5      | Reached XP level 8. HP: 45/64 MP: 7/7
  3756 | D:5      | Identified the +4 chain mail "Gaxkiq" {Str+3 Int+2}
  3810 | D:5      | Found a glowing golden altar of the Shining One.
  3881 | D:5      | Noticed Dowan
  3881 | D:5      | Noticed Duvessa
  3907 | D:5      | Killed Duvessa
  3916 | D:5      | Killed Dowan
  3917 | D:5      | Reached skill level 13 in Axes
  5275 | D:6      | Reached skill level 14 in Axes
  5427 | D:6      | Reached XP level 9. HP: 63/70 MP: 8/8
  5721 | D:6      | Reached skill level 15 in Axes
  5724 | D:6      | Identified the +5 scale mail of the Gusle {rC+ rN+ Regen+
                  | Dex+2}
  5753 | D:6      | Noticed Jeremiah
  5843 | D:6      | Killed Jeremiah
  6445 | D:7      | Reached skill level 1 in Armour
  6460 | D:7      | Found a hide-covered altar of Uskayaw.
  6595 | D:7      | Found a staircase to the Ecumenical Temple.
  6626 | Temple   | Entered the Ecumenical Temple
  6639 | Temple   | Became a worshipper of Gozag Ym Sagoz the Greedy
  6657 | D:7      | Noticed Menkaure
  6669 | D:7      | Killed Menkaure
  6894 | D:7      | Found a shimmering altar of Xom.
  6901 | D:7      | Reached skill level 5 in Fighting
  6969 | D:7      | Noticed a kobold demonologist
  6969 | D:7      | Noticed a kobold demonologist
  6970 | D:7      | Noticed a kobold demonologist
  6984 | D:7      | Killed a kobold demonologist
  7003 | D:7      | Noticed a soul eater
  7006 | D:7      | Noticed an orange demon
  7008 | D:7      | Noticed a rust devil
  7010 | D:7      | Killed a kobold demonologist
  7011 | D:7      | Reached XP level 10. HP: 83/83 MP: 9/9
  7022 | D:7      | Reached skill level 5 in Armour
  7257 | D:7      | Found a sparkling altar of Nemelex Xobeh.
  7259 | D:7      | Noticed a boulder beetle
  7297 | D:7      | Killed a boulder beetle
  7370 | D:7      | Found a broken altar of Ashenzari.
  7496 | D:8      | Noticed a two-headed ogre
  7514 | D:8      | Killed a two-headed ogre
  7527 | D:8      | Found a burning altar of Makhleb.
  7550 | D:8      | Found a radiant altar of Vehumet.
  7569 | D:8      | Found a sand-covered staircase.
  7576 | Ossuary  | Entered an ossuary
  7718 | Ossuary  | Reached skill level 16 in Axes
  7965 | D:8      | Found a shimmering blue altar of Sif Muna.
  8015 | D:8      | Found a basalt altar of Yredelemnul.
  8132 | D:8      | Reached XP level 11. HP: 42/99 MP: 10/10
  8136 | D:8      | Reached skill level 10 in Fighting
  8627 | D:8      | Found the +5 woodcutter's axe
  9039 | D:4      | Bought a +4 plate armour of cold resistance for 550 gold
                  | pieces
  9162 | D:10     | Entered Level 10 of the Dungeon
  9162 | D:10     | Found a staircase to the Orcish Mines.
  9191 | D:10     | Found Koist's Antique Armour Emporium.
  9282 | D:10     | Found a staircase to the Lair.
  9287 | D:10     | Reached skill level 17 in Axes
  9461 | D:10     | Found a transporter.
  9464 | D:10     | Found a transporter.
  9468 | D:10     | Found a transporter.
  9572 | D:10     | Noticed a two-headed ogre
  9584 | D:10     | Killed a two-headed ogre
  9722 | D:10     | Found a snail-covered altar of Cheibriados.
  9976 | D:11     | Noticed a two-headed ogre
  9981 | D:11     | Killed a two-headed ogre
 10085 | D:11     | Reached skill level 18 in Axes
 10629 | D:11     | Reached XP level 12. HP: 99/112 MP: 11/11
 10914 | D:10     | Found a hazy altar of Hepliaklqana.
 11151 | D:10     | Found a transporter.
 11566 | D:9      | Noticed a boulder beetle
 11572 | D:9      | Killed a boulder beetle
 11638 | D:9      | Reached skill level 19 in Axes
 12013 | D:12     | Noticed a boulder beetle
 12038 | D:12     | Killed a boulder beetle
 12103 | D:12     | Found a viscous altar of Jiyva.
 12525 | D:12     | Noticed a boulder beetle
 12540 | D:12     | Killed a boulder beetle
 12541 | D:12     | Reached skill level 20 in Axes
 12956 | Lair:1   | Entered Level 1 of the Lair of Beasts
 13170 | Lair:1   | Reached skill level 21 in Axes
 13412 | Lair:1   | Found a gate leading to a gauntlet.
 13421 | Gauntlet | Entered a Gauntlet
 13421 | Gauntlet | Found a runed translucent door.
 13421 | Gauntlet | Found a transporter.
 13421 | Gauntlet | Found a runed translucent door.
 13421 | Gauntlet | Found a transporter.
 13421 | Gauntlet | Found a transporter.
 13422 | Gauntlet | Found a transporter.
 13423 | Gauntlet | Found a transporter.
 13426 | Gauntlet | Found a transporter.
 13434 | Gauntlet | Found a transporter.
 13435 | Gauntlet | Found a transporter.
 13436 | Gauntlet | Found a transporter.
 13437 | Gauntlet | Found a transporter.
 13444 | Gauntlet | Noticed a balrug
 13444 | Gauntlet | Found the +6 Majin-Bo {spellvamp, MP+6 Int+6}
 13445 | Gauntlet | Found a transporter.
 13446 | Gauntlet | Found a transporter.
 13771 | Gauntlet | Reached XP level 13. HP: 90/118 MP: 12/12
 13838 | Gauntlet | Noticed a minotaur
 13860 | Gauntlet | Killed a minotaur
 13869 | Gauntlet | Identified the staff "Gaeluec" {rElec rPois Poison}
 14538 | Lair:2   | Reached skill level 1 in Throwing
 14658 | Lair:2   | Found a staircase to the Shoals.
 15096 | Lair:2   | Reached skill level 5 in Dodging
 15851 | Lair:3   | Reached skill level 10 in Armour
 15915 | Lair:3   | Reached skill level 5 in Throwing
 16209 | Lair:3   | Found a hole to the Spider Nest.
 17171 | Lair:4   | Reached XP level 14. HP: 105/126 MP: 13/13
 18356 | Lair:5   | Entered Level 5 of the Lair of Beasts
 18525 | Lair:5   | Noticed Nessos
 18536 | Lair:5   | Killed Nessos
 18957 | Lair:5   | Found a large runed translucent door.
 18984 | Lair:5   | Found a large runed translucent door.
 19074 | Lair:5   | Reached skill level 10 in Dodging
 19630 | Lair:5   | Found a viscous altar of Jiyva.
 19921 | Lair:5   | Found a staircase to the Slime Pits.
 20561 | Orc:1    | Entered Level 1 of the Orcish Mines
 20923 | Orc:2    | Entered Level 2 of the Orcish Mines
 21142 | Orc:2    | Reached XP level 15. HP: 121/139 MP: 14/14
 21289 | Orc:2    | Noticed Maurice
 21919 | Orc:2    | Killed Maurice
 22311 | Orc:2    | HP: 2/139 [orc knight/+3 battleaxe (39)]
 22311 | Orc:2    | Demolished by an orc knight

Illustrated notes

Levels and vault maps discovered:
D:1:      orjb1_clovarrival, layout_basic,
          dreamdust_ecumenical_altar_hidden_monk_grotto,
          minmay_misc_feat_square, chequers_serial_rivers_small_b,
          minmay_pentomino_w2
D:2:      layout_loops_ring, minmay_lizard_king
D:3:      layout_loops_corners, chequers_garden, uniq_sigmund
D:4:      minmay_chambers_of_twos, layout_rooms,
          nicolae_elyvilon_peaceful_grove, serial_shops,
          nicolae_shop_gibbet_a_chance
D:5:      layout_layer_cave, mainiacjoe_overflow_small_starburst,
          minmay_circle_x, uniq_duvessa, uniq_pikel
D:6:      layout_loops_cross, hangedman_abyss_or_decor_passed, st_stairs_13,
          minmay_misc_feat_rugged, grunt_ministairs_1, uniq_jeremiah
D:7:      layout_basic, nicolae_uskayaw_murder_on_the_dancefloor, led_xom_imps,
          mainiacjoe_overflow_two_lobes, minmay_temple_entry_overgrown,
          uniq_menkaure
D:8:      layout_rooms, grunt_temple_overflow_open,
          nicolae_sif_muna_condensation, nicolae_ossuary_entry_giza,
          pf_guarded_unrand_woodcutter
D:9:      layout_loops_ring
D:10:     layout_basic, amcnicky_altar_gilded, pf_just_have_faith,
          hellmonk_lair_entry_icy, serial_shops, nicolae_shop_back_alley_shop,
          grunt_decor_junction, nicolae_transporter_circle
D:11:     cheibrodos_helix_gallery, layout_loops_corners
D:12:     layout_loops_ring, jiyva_altar_1
Temple:   chequers_temple_sunken
Lair:1:   layout_loops_ring, gauntlet_entry_generic, roderic_batcave,
          st_stairs_12, dreamdust_wasp_nest, serial_bayou_shore_a
Lair:2:   layout_gridlike, minmay_shoals_entry_beasts
Lair:3:   layout_misc_corridors, spider_nest_entry_funnel_web, serial_rivers,
          chequers_serial_rivers_micro_b, chequers_serial_rivers_micro_e,
          chequers_serial_rivers_large_b, chequers_serial_rivers_micro_b,
          chequers_serial_rivers_micro_d, chequers_serial_rivers_micro_c,
          nzn_sisyphean_effort
Lair:4:   layout_layer_cave
Lair:5:   cheibrodos_lair_end_hotspot, layout_small_grid,
          nicolae_slime_entry_slimehenge, uniq_nessos
Orc:1:    layout_caves, mines_bat_river
Orc:2:    st_orc_congregation, layout_caves, nicolae_orc_tapped_out,
          uniq_maurice

Skill      XL: |  1  2  3  4  5  6  7  8  9 10 11 12 13 14 |
---------------+-------------------------------------------+-----
Axes           | 4 5 6 8 9 12 14 15 16 18 21 | 21.8
Armour         | 4 8 10 13 | 13.9
Fighting       | 6 9 12 14 | 14.9
Throwing       | 6 |  6.3
Dodging        | 7 10 | 10.4

Action                     |  1- 3 |  4- 6 |  7- 9 | 10-12 | 13-15 || total
---------------------------+-------+-------+-------+-------+-------++-------
  Melee: Hand axe          |    77 |    89 |   221 |   438 |       ||   825
         Headbutt          |    11 |    14 |    54 |   183 |   165 ||   427
         Battleaxe         |       |       |       |   261 |   754 ||  1015
  Throw: Javelin           |       |       |       |       |    10 ||    10
  Evoke: Wand              |       |       |       |     3 |    12 ||    15
    Use: Scroll            |       |       |    16 |     7 |     4 ||    27
         Potion            |       |       |       |     4 |     5 ||     9
   Stab: Petrifying        |       |       |       |     1 |       ||     1
         Distracted        |       |       |       |     4 |     8 ||    12
         Confused          |       |       |       |     3 |       ||     3
         Paralysed         |       |       |       |     1 |     4 ||     5
 Armour: Robe              |    14 |       |       |       |       ||    14
         Scale mail        |    32 |       |    14 |   389 |    75 ||   510
         Ring mail         |     4 |    41 |    87 |       |       ||   132
         Plate armour      |       |       |       |       |   419 ||   419
  Dodge: Dodged            |    35 |    49 |   123 |   340 |   333 ||   880

Table legend: (Time is in decaauts)
 A = Elapsed time spent in this place.
 B = Non-inter-level travel time spent in this place.
 C = Inter-level travel time spent in this place.
 D = Time resting spent in this place.
 E = Time spent auto-exploring this place.
 F = Levels seen in this place.
 G = Mean time per level.
                   A        B        C        D        E       F      G
               +--------+--------+--------+--------+--------+-----+--------+
         Total |  21866 |  20730 |   1136 |   2797 |  13987 |  22 |  993.9 |
       Dungeon |  12372 |  11491 |    881 |   1126 |   8535 |  12 | 1031.0 |
        Temple |     27 |     17 |     10 |      0 |      0 |   1 |   27.0 |
          Lair |   6886 |   6643 |    243 |    761 |   4660 |   5 | 1377.2 |
  Orcish Mines |   1702 |   1702 |      0 |    806 |    519 |   2 |  851.0 |
       Ossuary |    361 |    361 |      0 |      0 |    205 |   1 |  361.0 |
      Gauntlet |    516 |    516 |      0 |    103 |     67 |   1 |  516.0 |
               +--------+--------+--------+--------+--------+-----+--------+

Top non-repeatable levels by time:
  Lair:5: 2009 daAuts
  Lair:4: 1701 daAuts
     D:5: 1696 daAuts
    D:10: 1258 daAuts
     D:6: 1143 daAuts
   Orc:1: 1108 daAuts
  Lair:2: 1105 daAuts
     D:7: 1061 daAuts
  Lair:1: 1052 daAuts
  Lair:3: 1017 daAuts
    D:11: 1013 daAuts
     D:1: 1011 daAuts
    D:12: 915 daAuts
     D:2: 883 daAuts
     D:4: 868 daAuts
